BSA
BAFFIN ISLAND BEAVERS @ CHICAGO MACHINE
05/03/2024
 
TOP OF THE 1ST
Baffin Island Beavers batting - Pitching for Chicago Machine : LHP Abdul-Qadir bin Nasser
Pitching: LHP Abdul-Qadir bin Nasser
Batting: LHB Chris Bates 0-0: Ball
1-0: Ball
2-0: Foul Ball, location: 2F
2-1: Ground out 4-3 (Groundball, 4S)
Batting: LHB Jeff Cole 0-0: Called Strike
0-1: Ball
1-1: Ball
2-1: Foul Ball, location: 2F
2-2: Foul Ball, location: 2F
2-2: Ball
3-2: Foul Ball, location: 2F
3-2: Ground out 5-3 (Groundball, 56)
Batting: RHB Jorge Morales 0-0: Ball
1-0: Fly out, F8 (Popup, 8RS)
Top of the 1st over - 0 run(s), 0 hit(s), 0 error(s), 0 left on base; Baffin Island 0 - Chicago 0
BOTTOM OF THE 1ST
Chicago Machine batting - Pitching for Baffin Island Beavers : RHP Thierry Garneau
Pitching: RHP Thierry Garneau
Batting: LHB Francisco Vega 0-0: Called Strike
0-1: Ball
1-1: Ball
2-1: Called Strike
2-2: Strikes out looking
Batting: SHB Joaquín López 0-0: Fly out, F9 (Flyball, 9M)
Batting: LHB Eric Wheeler 0-0: Ground out 1-3 (Groundball, 23)
Bottom of the 1st over - 0 run(s), 0 hit(s), 0 error(s), 0 left on base; Baffin Island 0 - Chicago 0
TOP OF THE 2ND
Baffin Island Beavers batting - Pitching for Chicago Machine : LHP Abdul-Qadir bin Nasser
Batting: RHB Tony Morton 0-0: Swinging Strike
0-1: Called Strike
0-2: Strikes out looking
Batting: SHB Alonso Ferreira 0-0: Ball
1-0: Ball
2-0: SOLO HOME RUN (Flyball, 7D), Distance : 390 ft
Batting: LHB Victor Howard 0-0: Called Strike
0-1: Ball
1-1: Foul Ball, location: 2F
1-2: Strikes out swinging
Batting: RHB Naomichi Aoki 0-0: Called Strike
0-1: Ball
1-1: Foul Ball, location: 2F
1-2: Ball
2-2: Strikes out looking
Top of the 2nd over - 1 run(s), 1 hit(s), 0 error(s), 0 left on base; Baffin Island 1 - Chicago 0
BOTTOM OF THE 2ND
Chicago Machine batting - Pitching for Baffin Island Beavers : RHP Thierry Garneau
Batting: LHB Bob Smith 0-0: Ball
1-0: Ball
2-0: Ball
3-0: Called Strike
3-1: Base on Balls
Batting: LHB Marcos Vargas 0-0: Swinging Strike
0-1: Called Strike
0-2: Strikes out looking
Batting: RHB Roberto Cardona 0-0: Ball
1-0: Called Strike
Pickoff Throw by Catcher to First - Out!
1-1: Ball
2-1: Foul Ball, location: 2F
2-2: Strikes out swinging
Bottom of the 2nd over - 0 run(s), 0 hit(s), 0 error(s), 0 left on base; Baffin Island 1 - Chicago 0
TOP OF THE 3RD
Baffin Island Beavers batting - Pitching for Chicago Machine : LHP Abdul-Qadir bin Nasser
Batting: RHB Mario López 0-0: Ball
1-0: Called Strike
1-1: Ball
2-1: Ground out 6-3 (Groundball, 6M)
Batting: LHB Keng-chi Lao 0-0: Called Strike
0-1: Ball
1-1: Ball
2-1: Foul Ball, location: 2F
2-2: Ball
3-2: SINGLE (Line Drive, 8RS)
Batting: LHB Chris Bates 0-0: Called Strike
0-1: Ball
1-1: Ball
2-1: Ball
3-1: Foul Ball, location: 2F
3-2: 2-RUN HOME RUN (Flyball, 9D), Distance : 400 ft
Batting: LHB Jeff Cole 0-0: Ball
1-0: Called Strike
1-1: Swinging Strike
1-2: Ball
2-2: Foul Ball, location: 2F
2-2: Foul Ball, location: 2F
2-2: Ball
3-2: Foul Ball, location: 2F
3-2: Foul Ball, location: 2F
3-2: Fly out, F7 (Flyball, 7LS)
Batting: RHB Jorge Morales 0-0: Called Strike
0-1: Ball
1-1: DOUBLE (Groundball, 3L)
Batting: RHB Tony Morton 0-0: Ball
1-0: Foul Ball, location: 2F
1-1: Ball
2-1: Swinging Strike
2-2: Strikes out swinging
Top of the 3rd over - 2 run(s), 3 hit(s), 0 error(s), 1 left on base; Baffin Island 3 - Chicago 0
BOTTOM OF THE 3RD
Chicago Machine batting - Pitching for Baffin Island Beavers : RHP Thierry Garneau
Batting: RHB Arturo García 0-0: DOUBLE (Line Drive, 8LD)
Batting: RHB Fabrice Brodeur 0-0: Ball
1-0: Foul Ball, location: 2F
1-1: Fly out, F9 (Flyball, 89D)
Runner from 2nd tags up, SAFE at 3rd, no throw
Batting: RHB Rick Ayliffe 0-0: Fly out, F7 (Flyball, 78M)
Runner from 3rd tags up, SCORES, no throw
Batting: LHB Francisco Vega 0-0: Ball
1-0: Ball
2-0: Called Strike
2-1: Ball
3-1: Fly out, F9 (Flyball, 89XD)
Bottom of the 3rd over - 1 run(s), 1 hit(s), 0 error(s), 0 left on base; Baffin Island 3 - Chicago 1
TOP OF THE 4TH
Baffin Island Beavers batting - Pitching for Chicago Machine : LHP Abdul-Qadir bin Nasser
Batting: SHB Alonso Ferreira 0-0: Ball
1-0: Ball
2-0: Called Strike
2-1: SOLO HOME RUN (Flyball, 8LXD), Distance : 428 ft
Batting: LHB Victor Howard 0-0: Called Strike
0-1: Hit by Pitch
Batting: RHB Naomichi Aoki 0-0: Called Strike
0-1: Ball
Victor Howard is caught stealing 2nd base
1-1: Fly out, F8 (Flyball, 8LM)
Batting: RHB Mario López 0-0: Swinging Strike
0-1: Ball
1-1: Ball
2-1: Foul Ball, location: 2F
2-2: Ground out 6-3 (Groundball, 6M)
Top of the 4th over - 1 run(s), 1 hit(s), 0 error(s), 0 left on base; Baffin Island 4 - Chicago 1
BOTTOM OF THE 4TH
Chicago Machine batting - Pitching for Baffin Island Beavers : RHP Thierry Garneau
Batting: SHB Joaquín López 0-0: Foul Ball, location: 2F
0-1: Ball
1-1: Swinging Strike
1-2: Strikes out looking
Batting: LHB Eric Wheeler 0-0: Called Strike
0-1: Fly out, F8 (Flyball, 78D)
Batting: LHB Bob Smith 0-0: Ball
1-0: Called Strike
1-1: Ground out 6-3 (Groundball, 6)
Bottom of the 4th over - 0 run(s), 0 hit(s), 0 error(s), 0 left on base; Baffin Island 4 - Chicago 1
TOP OF THE 5TH
Baffin Island Beavers batting - Pitching for Chicago Machine : LHP Abdul-Qadir bin Nasser
Batting: LHB Keng-chi Lao 0-0: Called Strike
0-1: Ball
1-1: Foul Ball, location: 2F
1-2: Ball
2-2: Ball
3-2: Ground out 4-3 (Groundball, 4)
Batting: LHB Chris Bates 0-0: Swinging Strike
0-1: Called Strike
0-2: Ball
1-2: Ball
2-2: Ball
3-2: SINGLE (Groundball, 34D)
Batting: LHB Jeff Cole 0-0: Swinging Strike
0-1: Ball
1-1: Called Strike
1-2: Fly out, F9 (Flyball, 89M)
1-2: Fly out, F9 (Flyball, 89M)
Batting: RHB Jorge Morales 0-0: Ground out 2-3 (Groundball, 25)
Top of the 5th over - 0 run(s), 1 hit(s), 0 error(s), 1 left on base; Baffin Island 4 - Chicago 1
BOTTOM OF THE 5TH
Chicago Machine batting - Pitching for Baffin Island Beavers : RHP Thierry Garneau
Batting: LHB Marcos Vargas 0-0: Ball
1-0: Foul Ball, location: 2F
1-1: Ball
2-1: DOUBLE (Line Drive, 89M)
Batting: RHB Roberto Cardona 0-0: Called Strike
0-1: Swinging Strike
0-2: Ball
1-2: Ground out 1-3 (Groundball, 13S)
Marcos Vargas to third
Batting: RHB Arturo García 0-0: Ground out 3-1 (Groundball, 34S)
Marcos Vargas scores
Batting: RHB Fabrice Brodeur 0-0: Ball
1-0: Fly out, F4 (Line Drive, 34)
Bottom of the 5th over - 1 run(s), 1 hit(s), 0 error(s), 0 left on base; Baffin Island 4 - Chicago 2
TOP OF THE 6TH
Baffin Island Beavers batting - Pitching for Chicago Machine : LHP Abdul-Qadir bin Nasser
Pitching: LHP John Lane
Batting: RHB Tony Morton 0-0: Called Strike
0-1: Foul Ball, location: 2F
0-2: SINGLE (Groundball, 13) (infield hit)
Batting: SHB Alonso Ferreira 0-0: Ball
1-0: Ball
Throwing error on steal attempt, E2
Tony Morton to third
2-0: Intentional Walk
Batting: LHB Victor Howard 0-0: Ball
1-0: Called Strike
1-1: Foul Ball, location: 2F
1-2: Ball
2-2: Ball
3-2: Fly out, F8 (Flyball, 78S)
Runner from 3rd tags up, SCORES, throw made
Batting: RHB Naomichi Aoki 0-0: Called Strike
0-1: 2-RUN HOME RUN (Flyball, 9LD), Distance : 387 ft
Pitching: RHP Manny Muñóz
Batting: RHB Mario López 0-0: Called Strike
0-1: Swinging Strike
0-2: Ball
1-2: Ball
2-2: Ball
3-2: Foul Ball, location: 2F
3-2: Base on Balls
Batting: LHB Keng-chi Lao 0-0: Ball
1-0: Foul Ball, location: 2F
1-1: Ground out U3 (Groundball, 3S)
Mario López to second
Batting: LHB Chris Bates 0-0: Called Strike
0-1: Foul Ball, location: 2F
0-2: Ball
1-2: Foul Ball, location: 2F
1-2: Ball
2-2: SINGLE (Groundball, 34)
Mario López to third
Runner from 3rd tries for Home, SAFE, no throw or cutoff
Batting: LHB Jeff Cole 0-0: Ball
1-0: Ball
2-0: Foul Ball, location: 2F
2-1: Fly out, F9 (Flyball, 89S)
Top of the 6th over - 4 run(s), 3 hit(s), 1 error(s), 1 left on base; Baffin Island 8 - Chicago 2
BOTTOM OF THE 6TH
Chicago Machine batting - Pitching for Baffin Island Beavers : RHP Thierry Garneau
Batting: RHB Rick Ayliffe 0-0: Ball
1-0: Called Strike
1-1: Ball
2-1: SINGLE (Line Drive, 34D)
Batting: LHB Francisco Vega 0-0: Called Strike
0-1: SINGLE (Line Drive, 6MD)
Rick Ayliffe to second
Batting: SHB Joaquín López 0-0: Foul Ball, location: 2F
0-1: Foul Ball, location: 2F
0-2: Ball
Wild Pitch!
Rick Ayliffe to third
Francisco Vega to second
1-2: Strikes out looking
Batting: LHB Eric Wheeler 0-0: Ball
1-0: Ball
2-0: Foul Ball, location: 2F
2-1: Foul Ball, location: 2F
2-2: Ball
3-2: Base on Balls
Batting: LHB Bob Smith 0-0: Ball
1-0: Foul Ball, location: 2F
1-1: Called Strike
1-2: Foul Ball, location: 2F
1-2: Foul Ball, location: 2F
1-2: Fly out, F7 (Flyball, 7M)
Runner from 3rd tags up, OUT at HOME
Bottom of the 6th over - 0 run(s), 2 hit(s), 0 error(s), 2 left on base; Baffin Island 8 - Chicago 2
TOP OF THE 7TH
Baffin Island Beavers batting - Pitching for Chicago Machine : RHP Manny Muñóz
Batting: RHB Jorge Morales 0-0: Called Strike
0-1: Ball
1-1: Foul Ball, location: 2F
1-2: Ball
2-2: Strikes out swinging
Batting: RHB Tony Morton 0-0: Ball
1-0: Ball
2-0: Swinging Strike
2-1: SINGLE (Flyball, 78S)
Batting: SHB Alonso Ferreira 0-0: Ball
1-0: Ball
2-0: Foul Ball, location: 2F
2-1: Ball
3-1: Base on Balls
Tony Morton to second
Batting: LHB Victor Howard 0-0: Called Strike
Tony Morton steals 3rd base
Alonso Ferreira to second
0-1: Ball
1-1: Fly out, F5 (Popup, 5F)
Batting: RHB Naomichi Aoki 0-0: Ball
1-0: Called Strike
1-1: Foul Ball, location: 2F
1-2: Ball
2-2: Ball
3-2: DOUBLE (Flyball, 78D)
Tony Morton scores
Alonso Ferreira scores
Pitching: RHP Clint Tancock
Batting: RHB Mario López 0-0: Foul Ball, location: 2F
0-1: SINGLE (Line Drive, 6MD)
Naomichi Aoki to third
Runner from 3rd tries for Home, SAFE, throw made home
Mario López to second
Batting: LHB Keng-chi Lao 0-0: Called Strike
0-1: Reached on error, E4 (Groundball, 4)
Mario López to third
Batting: LHB Chris Bates 0-0: Foul Ball, location: 2F
0-1: 3-RUN HOME RUN (Flyball, 89XD), Distance : 431 ft
Pitching: RHP José García
Batting: LHB Jeff Cole 0-0: Ball
1-0: Swinging Strike
1-1: Foul Ball, location: 2F
1-2: Foul Ball, location: 2F
1-2: Foul Ball, location: 2F
1-2: Ball
2-2: Foul Ball, location: 2F
2-2: Foul Ball, location: 2F
2-2: Foul Ball, location: 2F
2-2: Ball
3-2: SINGLE (Line Drive, 56D)
Batting: RHB Jorge Morales 0-0: Called Strike
0-1: Ball
1-1: Ball
2-1: Fielders Choice at 2nd, 5-4 (Groundball, 56)
Top of the 7th over - 6 run(s), 5 hit(s), 1 error(s), 0 left on base; Baffin Island 14 - Chicago 2
BOTTOM OF THE 7TH
Chicago Machine batting - Pitching for Baffin Island Beavers : RHP Thierry Garneau
Pinch Hitting: LHB Luis Espinoza 0-0: Ball
1-0: Foul Ball, location: 2F
1-1: Ground out 6-3 (Groundball, 6)
Batting: RHB Roberto Cardona 0-0: Called Strike
0-1: Foul Ball, location: 2F
0-2: Foul Ball, location: 2F
0-2: Strikes out swinging
Batting: RHB Arturo García 0-0: SINGLE (Groundball, 34)
Batting: RHB Fabrice Brodeur 0-0: Ball
1-0: Ball
2-0: Fielders Choice at 2nd, U4 (Groundball, 4M)
Bottom of the 7th over - 0 run(s), 1 hit(s), 0 error(s), 1 left on base; Baffin Island 14 - Chicago 2
TOP OF THE 8TH
Baffin Island Beavers batting - Pitching for Chicago Machine : RHP José García
Now at SS: Luis Martínez
Batting: RHB Tony Morton 0-0: Foul Ball, location: 2F
0-1: Fly out, F7 (Line Drive, 78M)
Batting: SHB Alonso Ferreira 0-0: Ball
1-0: Foul Ball, location: 2F
1-1: Ball
2-1: Called Strike
2-2: Ball
3-2: Base on Balls
Batting: LHB Victor Howard 0-0: Ball
1-0: Ball
2-0: Called Strike
2-1: Ball
3-1: Base on Balls
Alonso Ferreira to second
Batting: RHB Naomichi Aoki 0-0: Ball
1-0: Ball
2-0: Foul Ball, location: 2F
2-1: Foul Ball, location: 2F
2-2: Ball
3-2: Fielders Choice at 2nd, U6 (Groundball, 6M)
Alonso Ferreira to third
Batting: RHB Mario López 0-0: Ball
1-0: Ball
2-0: Ground out 6-3 (Groundball, 6)
Top of the 8th over - 0 run(s), 0 hit(s), 0 error(s), 2 left on base; Baffin Island 14 - Chicago 2
BOTTOM OF THE 8TH
Chicago Machine batting - Pitching for Baffin Island Beavers : RHP Thierry Garneau
Batting: RHB Rick Ayliffe 0-0: Ground out 4-3 (Groundball, 4)
Batting: LHB Francisco Vega 0-0: Ground out 6-3 (Groundball, 6M)
Batting: SHB Joaquín López 0-0: Foul Ball, location: 2F
0-1: Swinging Strike
0-2: Ball
1-2: Ball
2-2: Foul Ball, location: 2F
2-2: SINGLE (Groundball, 34D)
Batting: LHB Eric Wheeler 0-0: Swinging Strike
0-1: Foul Ball, location: 2F
0-2: Foul Ball, location: 2F
0-2: Foul Ball, location: 2F
0-2: Strikes out looking
Bottom of the 8th over - 0 run(s), 1 hit(s), 0 error(s), 1 left on base; Baffin Island 14 - Chicago 2
TOP OF THE 9TH
Baffin Island Beavers batting - Pitching for Chicago Machine : RHP José García
Batting: LHB Keng-chi Lao 0-0: Ball
1-0: SINGLE (Groundball, 2L) (infield hit)
Pinch Hitting: RHB Enrique Aguilar 0-0: Called Strike
0-1: Swinging Strike
0-2: Ball
1-2: Foul Ball, location: 2F
1-2: Ball
2-2: Strikes out swinging
Pitching: RHP César Menéndez
Batting: LHB Jeff Cole 0-0: Foul Ball, location: 2F
0-1: Called Strike
0-2: Foul Ball, location: 2F
0-2: Ball
1-2: Ball
2-2: Ball
3-2: SINGLE (Flyball, 8LS)
Keng-chi Lao to second
Runner from 2nd tries for 3rd, SAFE, no throw or cutoff
Batting: RHB Jorge Morales 0-0: Foul Ball, location: 2F
0-1: Foul Ball, location: 2F
0-2: Strikes out swinging
Batting: RHB Tony Morton 0-0: Called Strike
0-1: Ball
1-1: Ground out 4-3 (Groundball, 4)
Top of the 9th over - 0 run(s), 2 hit(s), 0 error(s), 2 left on base; Baffin Island 14 - Chicago 2
BOTTOM OF THE 9TH
Chicago Machine batting - Pitching for Baffin Island Beavers : RHP Thierry Garneau
Now in LF: Enrique Aguilar
Batting: LHB Bob Smith 0-0: Called Strike
0-1: Ball
1-1: Called Strike
1-2: Strikes out swinging
Batting: RHB Luis Martínez 0-0: Ball
1-0: Ball
2-0: Fly out, F7 (Flyball, 78M)
Batting: RHB Roberto Cardona 0-0: Ball
1-0: Swinging Strike
1-1: Ground out 6-3 (Groundball, 6M)
Bottom of the 9th over - 0 run(s), 0 hit(s), 0 error(s), 0 left on base; Baffin Island 14 - Chicago 2
This league is powered by Out of the Park Baseball, the baseball management simulation game for PC, Mac and Linux
Saturday, April 9th, 2016 - OOTP Baseball 16.8 Build 38